Map: Cyber Forest LE

Players

Whoops - Winner!

  • Race: Zerg Zerg
  • League: Platinum
  • Spawn Location: 11:00

Parkkatz

  • Race: Zerg Zerg
  • League: Platinum
  • Spawn Location: 5:00

VOD

Have the link to the VOD?

Description

Time

  • Played on: July 3, 2019, 10:10 a.m.
  • Length: 5:36
Show
View Real Time Build Order
Export as new Build Order

Whoops Zerg - Winner!

Build Orders: Pool First 

Get SALT Encoding   

  12  0:17  Spawning Pool  
  11  0:22  Drone  
  11  0:27  Drone  
  13  0:31  Drone  
  14  0:40  Overlord  
  14  1:05  Zergling x2  
  14  1:06  Queen, Zergling x4  
  19  1:30  Hatchery  
  18  1:34  Drone  
  18  1:37  Extractor  
  18  1:40  Drone  
  18  1:46  Drone  
  20  2:02  Drone x2  
  22  2:20  Overlord x2  
  19  2:33  Zergling x2  
  19  2:34  Zergling x2  
  21  2:38  Zergling x2  
  21  2:42  Queen  
  24  2:44  Zergling x2  
  24  2:48  Zergling x2  
  24  2:49  Zergling x6  
  29  3:01  Zergling x2  
  28  3:11  Drone  
  27  3:12  Metabolic Boost  
  27  3:28  Drone x2  
  27  3:33  Drone  
  27  3:34  Drone x2  
  32  3:35  Drone x2  
  32  3:37  Queen  
  36  3:44  Zergling x2  
  36  3:48  Drone x2  
  38  3:54  Evolution Chamber  
  38  3:58  Zergling x2  
  39  4:05  Zergling x4  
  39  4:06  Zergling x4  
  43  4:12  Overlord  
  43  4:15  Overlord  
  43  4:23  Extractor  
  43  4:24  Drone  
  40  4:47  Zergling x8  
  40  4:48  Zergling x4  
  40  4:52  Zergling x4  
  48  4:53  Zergling x4  
Show
View Real Time Build Order
Export as new Build Order

Parkkatz Zerg 

Build Orders: Hatch First 

Get SALT Encoding   

  12  0:02  Drone  
  13  0:12  Overlord  
  13  0:18  Drone  
  14  0:30  Drone x2  
  14  0:35  Drone  
  17  0:45  Drone  
  18  0:58  Hatchery  
  18  1:02  Drone, Extractor  
  17  1:17  Spawning Pool  
  16  1:20  Drone  
  16  1:23  Drone  
  18  1:28  Drone  
  19  2:03  Zergling x4  
  19  2:04  Zergling x2  
  22  2:09  Queen  
  22  2:13  Metabolic Boost  
  24  2:25  Overlord  
  24  2:37  Hatchery  
  23  2:45  Queen  
  23  3:10  Zergling x4  
  23  3:11  Zergling x2  
  25  3:18  Zergling x6  
  28  3:33  Baneling Nest  
  27  3:36  Zergling x4  
  29  3:45  Overlord  
  29  4:03  Queen  
  29  4:09  Drone x2  
  33  4:10  Drone x2  
  33  4:14  Drone  
  36  4:17  Overlord  
  30  4:39  Drone x2  
  30  4:40  Zergling x10  
  35  4:49  Drone x4  
  39  4:56  Drone  
  39  4:59  Baneling x2  
  40  5:00  Baneling  
  40  5:03  Zergling x2  
  36  5:10  Zergling x8  
  37  5:15  Zergling x2  
Tags
 
Add a new tag
Caveats
  • Supply blocks, unpowered buildings, or Contaminate may cause inaccurate times.
  • Supply counts are checked every 10 seconds.